 Dungeon Sprint DCSS version 0.19-a0-1932-g59670f6 (webtiles) character file.

3283 poirepourri the Cleaver (level 9, -21/93 HPs)
             Began as a Minotaur Fighter on Oct 25, 2016.
             Was a Believer of Makhleb.
             Demolished by Dowan
             ... wielding a +2 morningstar of distortion
              (25 damage)
             ... in the Dungeon (Sprint III: "The Ten Rune Challenge").
             The game lasted 00:03:55 (2202 turns).

poirepourri the Cleaver (Minotaur Fighter)          Turns: 2202, Time: 00:03:56

Health: -21/93     AC: 11    Str: 21    XL:     9   Next: 69%
Magic:  8/8        EV: 12    Int:  5    God:    Makhleb [**....]
Gold:   57         SH: 13    Dex: 13    Spells: 0 memorised, 8 levels left

rFire  . . .     SeeInvis +     a - +0 war axe
rCold  . . .     Gourm    .     b - +0 scale mail
rNeg   . . .     Faith    .     c - +0 shield
rPois  .         Spirit   .     (helmet restricted)
rElec  .         Reflect  .     m - +0 cloak
rCorr  .         Harm     .     (no gloves)
MR     .....     NoTele   +     (no boots)
Stlth  ..........               (no amulet)
                                (no ring)
                                (no ring)

@: lethally poisoned (-21 -> -22), slowed, very slow
A: retaliatory headbutt, horns 2, talons 1, see invisible
a: Minor Destruction, Renounce Religion


You were in the Dungeon.
You worshipped Makhleb.
Makhleb was pleased with you.
You were full.

You visited 1 branch You collected 57 gold pieces.

Inventory:

Hand Weapons
 a - a +0 war axe (weapon)
Armour
 b - a +0 scale mail (worn)
 c - a +0 shield (worn)
 m - a +0 cloak (worn)
Scrolls
 k - a scroll of blinking
 p - 3 scrolls of remove curse
Potions
 d - a potion of might
 h - a potion of haste
 i - 3 potions of magic
 t - a potion of brilliance
Books
 e - a book of Cantrips

   Spells                             Type                      Level
   a - Confusing Touch                Hexes                        1
   b - Animate Skeleton               Necromancy                   1
   c - Summon Small Mammal            Summoning                    1
   d - Apportation                    Translocation                1
Comestibles
 f - a bread ration
 j - a royal jelly


   Skills:
 + Level 13.0 Fighting
 + Level 13.9 Axes
 + Level 13.9 Armour
 + Level 4.8 Dodging
 + Level 12.1 Shields


You had 8 spell levels left.
You didn't know any spells.

Dungeon Overview and Level Annotations

Branches:
Dungeon (1/1)

Altars:
Cheibriados
Dithmenos
Elyvilon
Fedhas
Gozag
Hepliaklqana
Kikubaaqudgha
Makhleb
Nemelex Xobeh
Okawaru
Qazlal
Ru
Sif Muna
Trog
Uskayaw
Vehumet
Xom
Yredelemnul
Zin
The Shining One
Beogh
Jiyva
Lugonu

Annotations:
D Dowan, Duvessa


Innate Abilities, Weirdness & Mutations

You reflexively headbutt those who attack you in melee.
You have a pair of horns on your head.
You have sharp toenails.
You have supernaturally acute eyesight. (SInv)


Message History

Dowan hits you with a morningstar of distortion!
Space bends around you.
Unknown command.
You miss Dowan. Your kick misses Dowan. Your headbutt misses Dowan.
Dowan is heavily wounded.
You barely miss Duvessa. Dowan closely misses you.
Duvessa hits you with an uncursed great sword of freezing.
Duvessa freezes you.
You completely miss Dowan.
Dowan is heavily wounded.
You hit Duvessa but do no damage.
You feel sick. Dowan gestures at you while chanting. The bolt of cold hits you!
* * * LOW HITPOINT WARNING * * *
You block Duvessa's attack.
You slash Dowan! You claw Dowan, but do no damage.
Dowan is severely wounded.
You hit Duvessa.
You feel sick. Dowan hits you but does no damage.
Space warps horribly around you!
You die...

#..≈§≈§§#.'...'.#.#.#.+
#.#≈≈§#§#.#.).##.#.#.##
'.#§§.#.#.#.).#.#.#.#.#
#.#§§.#...#)..##.#.#.#
▓▓▓▓▓▓▓▓▓▓▓▓▓▓#.#.#.#
##.#.#.# +.#.#.#.#
##e#.#.## #@##### #e..+
#...# #...# #####


You could see Duvessa and Dowan.

Vanquished Creatures
  A centaur warrior (D)
  Erica (D)
  An unseen horror (D)
  A deep elf mage (D)
  A shadow (D)
  A spatial vortex (D)
  A necrophage (D)
  2 centaurs (D)
  An earth elemental (D)
  A water elemental (D)
  A wizard (D)
  A jelly (D)
  Crazy Yiuf (D)
  Jessica (D)
  A necromancer (D)
  A kobold demonologist (D)
  3 humans (D)
  An ooze (D)
  2 rats (D)
23 creatures vanquished.

Vanquished Creatures (others)
  2 draconian scorchers (D)
  6 hellions (D)
  A yaktaur (D)
9 creatures vanquished.

Grand Total: 32 creatures vanquished

Notes
Turn   | Place    | Note
-------+----------+-------------------------------------------
     0 | D        | poirepourri the Minotaur Fighter began the quest for the Orb.
     0 | D        | Reached XP level 1. HP: 19/19 MP: 0/0
    74 | D        | Noticed Jessica
    81 | D        | Killed Jessica
    81 | D        | Reached skill level 5 in Fighting
    81 | D        | Reached skill level 5 in Armour
    81 | D        | Reached skill level 5 in Shields
    81 | D        | Reached XP level 2. HP: 29/29 MP: 1/1
    81 | D        | Reached XP level 3. HP: 36/36 MP: 2/2
    87 | D        | Noticed Crazy Yiuf
    92 | D        | Killed a hellion
    92 | D        | Killed a hellion
    92 | D        | Killed a hellion
    92 | D        | Killed a hellion
    99 | D        | Killed a hellion
   101 | D        | Killed Crazy Yiuf
   101 | D        | Reached XP level 4. HP: 20/45 MP: 3/3
   115 | D        | Killed a hellion
   129 | D        | Killed a yaktaur
   131 | D        | Killed a white draconian scorcher
   314 | D        | Noticed a water elemental
   317 | D        | HP: 2/45 [water elemental (10)]
   320 | D        | Killed a water elemental
   320 | D        | Reached skill level 1 in Dodging
   410 | D        | Killed a white draconian scorcher
   527 | D        | Found a glowing silver altar of Zin.
   528 | D        | Found a glowing golden altar of the Shining One.
   528 | D        | Found a white marble altar of Elyvilon.
   528 | D        | Noticed a deep elf mage
   534 | D        | Noticed a redback
   536 | D        | Noticed a sixfirhy
   536 | D        | Killed a deep elf mage
   536 | D        | Reached skill level 10 in Armour
   536 | D        | Reached XP level 5. HP: 25/58 MP: 4/4
   536 | D        | Reached XP level 6. HP: 29/66 MP: 5/5
   703 | D        | Found a radiant altar of Vehumet.
   704 | D        | Found a deep blue altar of Sif Muna.
   704 | D        | Found an ancient bone altar of Kikubaaqudgha.
   709 | D        | Reached XP level 7. HP: 68/71 MP: 6/6
   735 | D        | Found a hide-covered altar of Uskayaw.
   735 | D        | Found a roughly hewn altar of Beogh.
   735 | D        | Found an iron altar of Okawaru.
   735 | D        | Found a bloodstained altar of Trog.
   735 | D        | Noticed a human
   736 | D        | Noticed a human
   744 | D        | Killed a human
   744 | D        | Reached skill level 10 in Fighting
   744 | D        | Reached skill level 10 in Shields
   749 | D        | Killed a human
   998 | D        | Found a basalt altar of Yredelemnul.
   998 | D        | Found a shadowy altar of Dithmenos.
   998 | D        | Found a sacrificial altar of Ru.
  1197 | D        | Noticed a shadow
  1205 | D        | Killed a shadow
  1205 | D        | Reached XP level 8. HP: 57/81 MP: 7/7
  1317 | D        | Found a blossoming altar of Fedhas.
  1317 | D        | Found a stormy altar of Qazlal.
  1317 | D        | Found a snail-covered altar of Cheibriados.
  1317 | D        | Found a burning altar of Makhleb.
  1317 | D        | Found a shimmering altar of Xom.
  1318 | D        | Found a hazy altar of Hepliaklqana.
  1318 | D        | Found an opulent altar of Gozag.
  1318 | D        | Found a sparkling altar of Nemelex Xobeh.
  1318 | D        | Found a corrupted altar of Lugonu.
  1318 | D        | Found a viscous altar of Jiyva.
  1321 | D        | Became a worshipper of Makhleb the Destroyer
  1326 | D        | Reached skill level 10 in Axes
  1338 | D        | Noticed Erica
  1355 | D        | Killed Erica
  1534 | D        | Reached * piety under Makhleb
  1729 | D        | Noticed a centaur warrior
  1734 | D        | Reached XP level 9. HP: 64/90 MP: 8/8
  1744 | D        | Killed a centaur warrior
  1744 | D        | Reached ** piety under Makhleb
  1917 | D        | Gained mutation: You are partially covered in slimy green scales. (AC +2) [potion of mutation]
  1917 | D        | Gained mutation: You are agile. (Dex +2) [potion of mutation]
  1917 | D        | Gained mutation: You are robust. (+10% HP) [potion of mutation]
  1919 | D        | Lost mutation: You are agile. (Dex +2) [potion of cure mutation]
  1919 | D        | Lost mutation: You are robust. (+10% HP) [potion of cure mutation]
  1919 | D        | Lost mutation: You are partially covered in slimy green scales. (AC +2) [potion of cure mutation]
  1921 | D        | Killed an unseen horror
  2023 | D        | Gained mutation: You have sharp toenails. [potion of mutation]
  2023 | D        | Gained mutation: You have supernaturally acute eyesight. (SInv) [potion of mutation]
  2191 | D        | Noticed Dowan
  2191 | D        | Noticed Duvessa
  2201 | D        | HP: 4/93 [Dowan/bolt of cold (34)]
  2202 | D        | Demolished by Dowan

Vault maps used:
D:        dungeon_sprint_mu

Skill      XL: |  1  2  3  4  5  6  7  8  9 |
---------------+----------------------------+-----
Fighting       | 5 6 9 11 12 13 | 13.0
Armour         | 5 6 10 12 13 | 13.9
Shields        | 5 6 9 10 11 12 | 12.1
Axes           | 3 4 7 9 12 13 | 13.9
Dodging        | 2 3 4 |  4.8

Action                   |  1- 3 |  4- 6 |  7- 9 || total
-------------------------+-------+-------+-------++-------
Melee: War axe           |    24 |    15 |    98 ||   137
       Headbutt          |     1 |     3 |    20 ||    24
       Kick              |       |       |     5 ||     5
  Use: Scroll            |       |     5 |       ||     5
       Potion            |       |     3 |     6 ||     9
  Eat: Bread ration      |       |       |     2 ||     2
Armor: Scale mail        |     8 |     3 |    37 ||    48
Dodge: Dodged            |     9 |     6 |    26 ||    41
Block: Shield            |    14 |     6 |    47 ||    67
